 Dungeon Crawl Stone Soup version 0.32-a0-30-gefbe487952 (webtiles) character file.

Game seed: 15019418732244033299

1325 mopl the Sneak (level 8, -1/57 HPs)
             Began as a Yellow Draconian Enchanter on Jan 19, 2024.
             Was a Follower of Dithmenos.
             Slain by a hornet (11 damage)
             ... on level 6 of the Dungeon.
             The game lasted 00:10:29 (4861 turns).

mopl the Sneak (Yellow Draconian Enchanter)         Turns: 4861, Time: 00:10:30

Health: -1/57      AC:  8    Str: 17    XL:     8   Next: 34%
Magic:  10/15      EV: 12    Int: 18    God:    Dithmenos [*.....]
Gold:   329        SH:  0    Dex: 11    Spells: 8/16 levels left

rFire   . . .        a - +0 dagger (drain)
rCold   . . .        (no shield)
rNeg    . . .        (body armour unavailable)
rPois   .            (helmet restricted)
rElec   .            (no cloak)
rCorr   +            A - +1 pair of gloves
SInv    .            (no boots)
Will    .....        d - amulet of regeneration
Stlth   +++          g - +6 ring of strength
HPRegen 1.09/turn    (no ring)
MPRegen 0.14/turn

%: no passive effects
@: lethally poisoned (-1 -> -1), short of breath, wreathed by umbra
A: spit acid, AC +6, unfitting armour, cold-blooded, acid resistance
a: Breathe Acid, Renounce Religion


You were on level 6 of the Dungeon.
You worshipped Dithmenos.
Dithmenos was aware of your devotion.
You visited 2 branches of the dungeon, and saw 7 of its levels.

You collected 329 gold pieces.

Inventory:

Hand Weapons
 a - a +0 dagger of draining (weapon)
 b - a +1 vampiric rapier
 v - a +1 dagger
Missiles
 j - 4 silver javelins
 p - 14 poisoned darts
 w - 9 boomerangs
Armour
 k - a scarf of harm
 m - a +0 buckler
 A - a +1 pair of gloves (worn)
Jewellery
 d - an amulet of regeneration (around neck)
 g - a +6 ring of strength (left hand)
 r - an amulet of reflection
Wands
 o - a wand of paralysis (5)
 y - a wand of flame (24)
Scrolls
 c - a scroll of teleportation {unknown}
 e - 3 scrolls of identify {unknown}
 l - 2 scrolls of immolation {unknown}
 n - 2 scrolls of enchant weapon {unknown}
 q - 2 scrolls of summoning {unknown}
 u - 2 scrolls of fear {unknown}
 C - 2 scrolls of blinking {unknown}
Potions
 f - 2 potions of lignification {unknown}
 h - a potion of attraction {unknown}
 i - 2 potions of might {unknown}
 s - 2 potions of brilliance {unknown}
 t - 2 potions of invisibility
 x - a potion of berserk rage {unknown}
 z - a potion of degeneration {unknown}
 B - a potion of mutation {unknown}


   Skills:
 + Level 2.6 Short Blades
 - Level 1.7 Dodging
 + Level 5.5 Stealth
 + Level 4.0 Shields
 + Level 4.8 Spellcasting
 + Level 5.1 Hexes
 + Level 2.8 Invocations


You had 8 spell levels left.
You knew the following spells:

 Your Spells              Type           Power      Damage    Failure   Level
b - Ensorcelled Hibernat  Hex/Ice        26%        N/A       7%          2
c - Confusing Touch       Hex            22%        N/A       4%          3
d - Tukima's Dance        Hex            22%        N/A       4%          3

Your spell library contained the following spells:

 Spells                   Type           Power      Damage    Failure   Level
 Jinxbite                 Hex            44%        N/A       2%          2
 Apportation              Tloc           8%         N/A       14%         1
 Foxfire                  Conj/Fire      16%        2x1d4     14%         1
 Kiss of Death            Conj/Necr      16%        2d6       14%         1
 Sting                    Conj/Alch      16%        1d4       14%         1
 Dazzling Flash           Conj/Hex       26%        N/A       14%         3
 Inner Flame              Hex/Fire       13%        N/A       14%         3
 Mercury Vapours          Alch/Air       8%         N/A       21%         2
 Scorch                   Fire           8%         2d5       21%         2
 Volatile Blastmotes      Fire/Tloc      8%         2d10      38%         3
 Dimensional Bullseye     Hex/Tloc       6%         N/A       43%         4
 Summon Mana Viper        Hex/Summ       13%        N/A       78%         5
 Yara's Violent Unravell  Hex/Alch       6%         3d5       78%         5
 Dispel Undead            Necr           4%         3d7       80%         4
 Ignite Poison            Fire/Alch      4%         N/A       80%         4
 Iskenderun's Mystic Bla  Conj/Tloc      4%         2d3       80%         4
 Olgreb's Toxic Radiance  Alch           4%         N/A       80%         4
 Alistair's Intoxication  Alch           2%         N/A       98%         5
 Irradiate                Conj/Alch      2%         3d12      98%         5
 Enfeeble                 Hex            11%        N/A       100%        7
 Ignition                 Fire           2%         3d3       100%        8


Dungeon Overview and Level Annotations

Branches:
Dungeon (6/15)             Temple (1/1) D:4

Altars:
Ashenzari
Cheibriados
Dithmenos
Elyvilon
Gozag
Hepliaklqana
Kikubaaqudgha
Makhleb
Okawaru
Qazlal
Sif Muna
Trog
Uskayaw
Wu Jian
Xom
Yredelemnul
Zin
The Shining One


Innate Abilities, Weirdness & Mutations

You can spit globs of acid.
Your golden yellow scales are hard. (AC +6)
You cannot fit into any form of body armour.
You are cold-blooded and may be slowed by cold attacks.
You are resistant to acid. (rCorr)


Message History

Aim: a hornet (umbra, chance to affect: 37%)
The hornet looks drowsy...
You feel yourself speed up.
You feel very sick.
The helpless hornet fails to defend itself.
You puncture the hornet! You drain the hornet.
You tail-slap the hornet, but do no damage.
The hornet is severely wounded.
You feel sick. The hornet barely misses you. The hornet misses you.
Okay, then.
Press: ? - help, Shift-Dir - straight line, f/p - hornet
Aim: a hornet (severely wounded, lightly drained, umbra, 47% to hit)
You spit a glob of acid.
The glob of acid hits the hornet!
The acid corrodes the hornet!
The acid splashes onto the centaur!
The centaur is splashed with acid.
The hornet is almost dead.
You feel sick. The hornet closely misses you.
Unknown command.
Okay, then.
You miss the hornet.
Your tail-slap misses the hornet.
The hornet is almost dead.
You feel sick. The hornet stings you!
* * * LOW HITPOINT WARNING * * *
You feel yourself slow down.
Unknown command.
Aiming: Paralyse
Press: ? - help, Shift-Dir - straight line, f/p - hornet
Aim: a hornet (almost dead, covered in acid, lightly drained, umbra, chance to affect: 44%)
The hornet resists with some effort.
You feel yourself speed up.
You feel sick. The hornet misses you. The hornet stings you.
* * * LOW HITPOINT WARNING * * *
You feel yourself slow down. The hornet barely misses you.
Aiming: Paralyse
Press: ? - help, Shift-Dir - straight line, f/p - hornet
Aim: a hornet (almost dead, covered in acid, lightly drained, umbra, chance to affect: 44%)
The hornet resists with some effort.
You feel yourself speed up.
You feel sick. The hornet barely misses you. The hornet stings you!
You die...

####.......#......########
...........#......#........
...........#......#.........
#########..#......#..........
...#..###..#......#..........#
...#.......#......#..........#
...#.......#......#..........#
...#.......########..........#
..[#........'...@yc..........#
...#'###...##....#...........#
......##...##....##..........#
......#....##....##..........#
......#.....#....+...........#
......+.....#....#...........#
...<..########################
#######


You could see a hornet (corroded, drained) and a centaur.

Vanquished Creatures
  Eustachio (D:4)
  Edmund (D:4)
  2 water moccasins
  A black bear (D:6)
  A bullfrog (D:6)
  A scorpion (D:5)
  3 hounds
  2 bombardier beetles
  4 orc priests
  Ijyb (D:3)
  5 orc wizards
  A sleepcap (D:6)
  Robin (D:4)
  11 adders
  2 dart slugs
  16 orcs
  8 ball pythons
  7 bats
  6 endoplasms
  2 giant cockroaches
  10 goblins
  10 hobgoblins
  4 jackals (D:1)
  2 quokkas
  3 frilled lizards
  3 kobolds
  2 rats (D:3)
110 creatures vanquished.

Notes
Turn   | Place    | Note
-------+----------+-------------------------------------------
     0 | D:1      | mopl the Draconian Enchanter began the quest for the Orb.
     0 | D:1      | Reached XP level 1. HP: 14/14 MP: 3/3
   209 | D:1      | Reached XP level 2. HP: 19/20 MP: 5/5
   216 | D:1      | Learned a level 2 spell: Ensorcelled Hibernation
   365 | D:1      | Reached skill level 3 in Stealth
   443 | D:1      | Reached skill level 3 in Hexes
   604 | D:1      | Got the Octavo of Sizzling Hail
   729 | D:2      | Reached XP level 3. HP: 11/26 MP: 6/6
   812 | D:2      | Learned a level 3 spell: Confusing Touch
  1170 | D:2      | Reached XP level 4. HP: 33/33 MP: 5/8
  1591 | D:3      | Noticed Ijyb
  1599 | D:3      | Paralysed by Ijyb for 5 turns
  1708 | D:2      | Reached skill level 3 in Spellcasting
  1719 | D:3      | Paralysed by Ijyb for 2 turns
  1744 | D:3      | Paralysed by Ijyb for 5 turns
  1819 | D:3      | Paralysed by Ijyb for 3 turns
  1826 | D:3      | Paralysed by Ijyb for 5 turns
  1865 | D:3      | Killed Ijyb
  1866 | D:3      | Reached skill level 1 in Shields
  1866 | D:3      | Reached XP level 5. HP: 38/38 MP: 2/9
  2028 | D:3      | Reached skill level 4 in Stealth
  2178 | D:3      | Got the Directory of Feculent Interference
  2590 | D:3      | Learned a level 3 spell: Tukima's Dance
  2691 | D:4      | Noticed Eustachio
  2720 | D:4      | HP: 1/38 [iron imp[Eustachio] (6)]
  2760 | D:4      | Killed Eustachio
  2761 | D:4      | Reached skill level 2 in Shields
  2761 | D:4      | Reached skill level 4 in Hexes
  2761 | D:4      | Reached XP level 6. HP: 45/45 MP: 5/11
  2825 | D:4      | Noticed Edmund
  2973 | D:4      | Killed Edmund
  3147 | D:4      | Noticed Robin
  3169 | D:4      | Reached skill level 4 in Spellcasting
  3183 | D:4      | Your scales start taking on a golden yellow colour.
  3183 | D:4      | Reached XP level 7. HP: 50/50 MP: 9/13
  3183 | D:4      | Gained mutation: You are resistant to acid. (rCorr) [Yellow
                  | Draconian growth]
  3230 | D:4      | Found a staircase to the Ecumenical Temple.
  3249 | Temple   | Entered the Ecumenical Temple
  3262 | Temple   | Became a worshipper of Dithmenos the Shadowed
  3366 | D:4      | Killed Robin
  3553 | D:5      | Entered Level 5 of the Dungeon
  3700 | D:5      | Reached skill level 3 in Shields
  3714 | D:5      | Reached skill level 1 in Invocations
  3837 | D:5      | Reached skill level 5 in Stealth
  3885 | D:5      | Reached * piety under Dithmenos
  4151 | D:5      | Reached skill level 2 in Invocations
  4161 | D:5      | Reached skill level 2 in Short Blades
  4216 | D:5      | Reached XP level 8. HP: 57/57 MP: 14/14
  4423 | D:6      | Reached skill level 5 in Hexes
  4474 | D:6      | Noticed a hornet
  4755 | D:6      | Reached skill level 4 in Shields
  4861 | D:6      | Slain by a hornet

Illustrated notes

Levels and vault maps discovered:
D:1:      dpeg_arrival_castle, layout_basic
D:2:      layout_basic, minmay_randomly_rotated_circles
D:3:      layout_loops_ring, nicolae_hexahallways, uniq_ijyb
D:4:      layout_cave_pools, minmay_temple_entry_glass, uniq_edmund,
          uniq_eustachio, uniq_robin
D:5:      layout_rooms, kennysheep_flooded_box, corexii_hall_statues_u
D:6:      layout_gridville
Temple:   mainiacjoe_temple_coin_purse

Skill      XL: |  1  2  3  4  5  6  7  8 |
---------------+-------------------------+-----
Stealth        | 3 4 5 |  5.5
Hexes          | 3 4 5 |  5.1
Spellcasting   | 3 4 |  4.8
Shields        | 1 2 3 4 |  4.0
Invocations    | 2 |  2.8
Short Blades   | 2 |  2.6
Dodging        | |  1.7

Action                     |  1- 3 |  4- 6 |  7- 9 || total
---------------------------+-------+-------+-------++-------
  Melee: Dagger            |   115 |   179 |    88 ||   382
         Tailslap          |    11 |    20 |    25 ||    56
         Punch             |       |     2 |     2 ||     4
         Rapier            |       |     3 |    68 ||    71
   Cast: Ensorcelled Hiber |     7 |    24 |    28 ||    59
         Confusing Touch   |       |     4 |       ||     4
         Tukima's Dance    |       |     7 |     2 ||     9
Ability: Breathe Acid      |       |       |     5 ||     5
  Evoke: Wand              |       |       |     2 ||     2
   Stab: Sleeping          |    17 |    18 |    18 ||    53
         Confused          |       |     2 |       ||     2
 Armour: Skin              |    59 |   131 |   147 ||   337
  Dodge: Dodged            |   108 |   124 |   170 ||   402
  Block: Buckler           |       |     4 |       ||     4

Table legend: (Time is in decaauts)
 A = Elapsed time spent in this place.
 B = Non-inter-level travel time spent in this place.
 C = Inter-level travel time spent in this place.
 D = Time resting spent in this place.
 E = Time spent auto-exploring this place.
 F = Levels seen in this place.
 G = Mean time per level.
                   A        B        C        D        E       F      G
               +--------+--------+--------+--------+--------+-----+--------+
         Total |   4866 |   4664 |    202 |    384 |   2904 |   7 |  695.1 |
       Dungeon |   4840 |   4650 |    190 |    384 |   2904 |   6 |  806.7 |
        Temple |     25 |     13 |     12 |      0 |      0 |   1 |   25.0 |
               +--------+--------+--------+--------+--------+-----+--------+

Top non-repeatable levels by time:
     D:3: 1128 daAuts
     D:2: 1011 daAuts
     D:4: 878 daAuts
     D:1: 701 daAuts
     D:5: 599 daAuts
     D:6: 521 daAuts
  Temple: 25 daAuts
